 Seeded DCSS version 0.30-a0-279-g4b46babb21 (webtiles) character file.

Game seed: 4790075131584116458 (custom seed)

116 purpskrrrp the Shooter (level 5, -4/38 HPs)
             Began as a Formicid Hunter on Oct 16, 2022.
             Slain by Blork the orc
             ... wielding a +0 battleaxe
              (9 damage)
             ... on level 4 of the Dungeon.
             The game lasted 00:02:01 (2835 turns).

purpskrrrp the Shooter (Formicid Hunter)            Turns: 2835, Time: 00:02:02

Health: -4/38      AC: 12    Str: 16    XL:     5   Next: 20%
Magic:  5/5        EV:  7    Int:  8    God:
Gold:   221        SH:  0    Dex: 22    Spells: 4/4 levels left

rFire   . . .      SeeInvis +    a - +0 shortbow
rCold   . . .      Faith    .    (no shield)
rNeg    . . .      Spirit   .    o - +4 chain mail "Xyiveppo" {Dex+3}
rPois   .          Reflect  .    (helmet unavailable)
rElec   .          Harm     .    (no cloak)
rCorr   .          Rampage  .    (no gloves)
Will    .....                    (no boots)
Stlth   ..........               (no amulet)
HPRegen 0.26/turn                (no ring)
MPRegen 0.09/turn                (no ring)

@: no status effects
A: permanent stasis, dig shafts and tunnels, antennae 3, four strong arms
a: Dig, Shaft Self


You were on level 4 of the Dungeon.
You visited 1 branch of the dungeon, and saw 4 of its levels.

You collected 221 gold pieces.

Inventory:

Hand Weapons
 a - a +0 shortbow (weapon)
Armour
 c - a +0 leather armour
 o - the +4 chain mail "Xyiveppo" (worn) {Dex+3}
   (You acquired it on level 2 of the Dungeon)

   Dex:       It affects your dexterity (+3).
Scrolls
 b - 2 scrolls of immolation
 d - 2 scrolls of amnesia {unknown}
 e - 8 scrolls of identify {unknown}
 f - a scroll of magic mapping {unknown}
 g - 2 scrolls of enchant armour {unknown}
 h - a scroll of brand weapon {unknown}
 i - 2 scrolls of teleportation {unknown}
 k - 2 scrolls of butterflies {unknown}
 n - a scroll of poison {unknown}
 q - a scroll of fear {unknown}
 u - a scroll of noise {unknown}
Potions
 j - 3 potions of flight {unknown}
 l - a potion of resistance {unknown}
 m - a potion of might {unknown}
 p - 3 potions of brilliance {unknown}
 r - 3 potions of curing {unknown}
 s - a potion of degeneration {unknown}
 t - 2 potions of heal wounds {unknown}


   Skills:
 - Level 2.1 Fighting
 + Level 6.1 Ranged Weapons
 - Level 1.7 Dodging
 - Level 1.2 Stealth


You had 4 spell levels left.
You didn't know any spells.
Your spell library contained the following spells:

 Spells                   Type           Power      Damage    Failure   Level
 Gell's Gravitas          Tloc           0%         N/A       100%        3
 Ozocubu's Armour         Ice            0%         N/A       100%        3
 Teleport Other           Tloc           0%         N/A       100%        3
 Dispersal                Tloc           0%         N/A       100%        6
 Ozocubu's Refrigeration  Ice            0%         4d7       100%        7


Dungeon Overview and Level Annotations

Branches:
Dungeon (4/15)
 Temple: D:4-7

Altars:
Uskayaw

Annotations:
D:3 2 transporters
D:4 Blork the orc


Innate Abilities, Weirdness & Mutations

You cannot be hasted, slowed, berserked, paralysed or teleported.
You can dig through walls and to a lower floor.
You have a pair of large antennae on your head. (SInv)
Your four strong arms can wield two-handed weapons with a shield.


Message History

You shoot an arrow. The arrow hits the hound.
The hound is almost dead.
Blork the orc completely misses you. The hound bites you but does no damage.
An orc comes into view. It is wielding a +0 whip.
The hound bites you but does no damage. Blork the orc barely misses you.
You shoot an arrow. The arrow hits the hound.
The hound is almost dead.
Blork the orc hits you but does no damage.
The hound closely misses you.
Blork the orc hits you but does no damage.
The hound bites you but does no damage. Blork the orc casts a spell at you.
The puff of frost hits you. The hound barely misses you.
You shoot an arrow. The arrow completely misses the hound.
Blork the orc hits you with a +0 battleaxe.
The hound completely misses you.
The orc hits the plant with a +0 whip.
The plant begins to die.
The hound bites you but does no damage.
You shoot an arrow. The arrow misses the hound.
Blork the orc hits you but does no damage.
The hound bites you but does no damage.
Blork the orc hits you with a +0 battleaxe.
The hound barely misses you. The orc barely misses you.
Blork the orc hits you with a +0 battleaxe!
The hound bites you but does no damage.
You shoot an arrow. The arrow closely misses the hound.
Blork the orc closely misses you. The hound bites you but does no damage.
The orc hits you but does no damage. The hound bites you but does no damage.
Blork the orc casts a cantrip, but nothing happens.
The orc hits you but does no damage.
You shoot an arrow. The arrow barely misses the hound.
A nearby plant withers and dies.
The hound bites you but does no damage.
Blork the orc hits you with a +0 battleaxe.
The hound barely misses you.
Blork the orc hits you with a +0 battleaxe!
* * * LOW HITPOINT WARNING * * *
The orc hits you with a +0 whip.
* * * LOW HITPOINT WARNING * * *
The hound bites you but does no damage.
Blork the orc hits you with a +0 battleaxe!
You die...

#............>.#
..............#.#
................#####
.###########.........
{ { #......... { {
#.........
#+##.........
..#+###............
⌠......@o..........
.......oh....(.....
+##.P####..........
{#. {#...#...#.. #
#......##.> #......#
{.....#.. ....#..


You could see Blork the orc (fast), a hound and an orc.

Vanquished Creatures
  Natasha (thrice) (D:3)
  An adder (D:3)
  A worm (D:2)
  A dart slug (D:3)
  An orc (D:3)
  3 ball pythons (D:2)
  3 endoplasms
  2 giant cockroaches
  A goblin (D:1)
  5 hobgoblins
  A kobold (D:1)
  3 quokkas
25 creatures vanquished.

Vanquished Creatures (others)
  A plant (D:4)
1 creature vanquished.

Grand Total: 26 creatures vanquished

Notes
Turn   | Place    | Note
-------+----------+-------------------------------------------
     0 | D:1      | purpskrrrp the Formicid Hunter began the quest for the Orb.
     0 | D:1      | Reached XP level 1. HP: 16/16 MP: 1/1
   284 | D:1      | Reached XP level 2. HP: 19/22 MP: 2/2
  1012 | D:2      | Reached XP level 3. HP: 27/27 MP: 3/3
  1226 | D:2      | Identified the +1 ring mail of Boiling Hail {rPois rN+
                  | Dex-4}
  1491 | D:2      | Identified a scroll of acquirement
  1491 | D:2      | Acquired the +4 chain mail "Xyiveppo" {Dex+3}
  1567 | D:3      | Reached skill level 5 in Ranged Weapons
  1613 | D:3      | Noticed Natasha
  1621 | D:3      | Killed Natasha
  1622 | D:3      | Reached XP level 4. HP: 33/33 MP: 4/4
  1709 | D:3      | Found a transporter.
  1890 | D:3      | Found a transporter.
  1943 | D:3      | Identified the +6 dagger "Miamn" {drain, rN+ Int-4 Dex+4}
  2178 | D:3      | Found a hide-covered altar of Uskayaw.
  2212 | D:3      | Noticed Natasha
  2218 | D:3      | Killed Natasha
  2792 | D:3      | Noticed Natasha
  2797 | D:3      | Killed Natasha
  2798 | D:3      | Reached skill level 6 in Ranged Weapons
  2798 | D:3      | Reached XP level 5. HP: 38/38 MP: 5/5
  2824 | D:4      | Noticed Blork the orc
  2835 | D:4      | Slain by Blork the orc

Illustrated notes

Levels and vault maps discovered:
D:1:      amcnicky_arrival_gap_in_the_tavern_cellar, layout_basic
D:2:      layout_basic
D:3:      gammafunk_wand_slinger, layout_basic, lemuel_tele_altar,
          lightli_corner_chamber, uniq_natasha
D:4:      corexii_shack_village, layout_rooms, uniq_crazy_yiuf_cottage,
          uniq_blork_the_orc

Skill      XL: |  1  2  3  4 |
---------------+-------------+-----
Ranged Weapons | 5 6 |  6.1
Fighting       | |  2.1
Dodging        | |  1.7
Stealth        | |  1.2

Action                   |  1- 3 |  4- 6 || total
-------------------------+-------+-------++-------
 Fire: Shortbow          |    67 |    35 ||   102
  Use: Scroll            |     1 |       ||     1
Armor: Leather armour    |     5 |       ||     5
       Chain mail        |     7 |    28 ||    35
Dodge: Dodged            |    13 |    16 ||    29

Table legend: (Time is in decaauts)
 A = Elapsed time spent in this place.
 B = Non-inter-level travel time spent in this place.
 C = Inter-level travel time spent in this place.
 D = Time resting spent in this place.
 E = Time spent auto-exploring this place.
 F = Levels seen in this place.
 G = Mean time per level.
                   A        B        C        D        E       F      G
               +--------+--------+--------+--------+--------+-----+--------+
         Total |   2881 |   2804 |     77 |    524 |   2002 |   4 |  720.2 |
       Dungeon |   2881 |   2804 |     77 |    524 |   2002 |   4 |  720.2 |
               +--------+--------+--------+--------+--------+-----+--------+

Top non-repeatable levels by time:
     D:3: 1281 daAuts
     D:1: 798 daAuts
     D:2: 764 daAuts
     D:4: 37 daAuts
